 Dungeon Crawl Stone Soup version 0.31-a0-202-g547052bce9 (webtiles) character file.

Game seed: 2530739014974544117

627 lunkers the Cleaver (level 8, -8/59 HPs)
             Began as a Meteoran Wanderer on June 26, 2023.
             Was a Follower of Nemelex Xobeh.
             Mangled by a gnoll
             ... wielding a +0 halberd
              (11 damage)
             ... on level 5 of the Dungeon.
             The game lasted 00:04:32 (1663 turns).

lunkers the Cleaver (Meteoran Wanderer)             Turns: 1663, Time: 00:04:32

Health: -8/59      AC:  7    Str: 14    XL:     8   Next: 6%
Magic:  15/15      EV:  9    Int: 16    God:    Nemelex Xobeh [*.....]
Gold:   146        SH:  0    Dex: 13    Spells: 15/15 levels left

rFire   . . .        b - +2 hand axe (drain)
rCold   . . .        (no shield)
rNeg    . . .        c - +0 scale mail
rPois   +            d - +0 helmet
rElec   .            (no cloak)
rCorr   .            (no gloves)
SInv    .            (no boots)
Will    +....        g - amulet of magic regeneration Stlth
                     p - ring of poison resistance
HPRegen 0.29/turn    (no ring)
MPRegen 0.54/turn

%: no passive effects
@: glowing
A: sense surroundings 1, otherworldly, glowing, explore regen
a: Renounce Religion, Draw Escape, Draw Destruction, Draw Summoning


You were on level 5 of the Dungeon.
You worshipped Nemelex Xobeh.
Nemelex Xobeh was aware of your devotion.
You visited 1 branch of the dungeon, and saw 5 of its levels.

You collected 146 gold pieces.

Inventory:

Hand Weapons
 a - a +0 club
 b - a +2 hand axe of draining (weapon)
 f - a +8 club
Armour
 c - a +0 scale mail (worn)
 d - a +0 helmet (worn)
Jewellery
 g - an amulet of magic regeneration (around neck)
 p - a ring of poison resistance (left hand)
Wands
 h - a wand of flame (8)
Scrolls
 e - a scroll of fear
 o - a scroll of immolation {unknown}
Potions
 i - a potion of cancellation {unknown}
 j - a potion of might {unknown}
 k - 3 potions of curing
 l - 2 potions of magic
 m - a potion of attraction {unknown}
 n - 2 potions of enlightenment


   Skills:
 - Level 1.1 Fighting
 + Level 8.1(8.2) Axes
 - Level 2.3(6.0) Maces & Flails
 - Level 2.4 Armour
 - Level 1.0 Stealth
 - Level 4.0 Spellcasting
 - Level 2.4 Translocations
 + Level 4.0 Invocations
 - Level 1.2 Evocations


You had 15 spell levels left.
You didn't know any spells.
Your spell library contained the following spells:

 Spells                   Type           Power      Damage    Failure   Level
 Apportation              Tloc           20%        N/A       26%         1
 Lesser Beckoning         Tloc           20%        N/A       36%         2
 Magic Dart               Conj           12%        1d3       56%         1
 Vhi's Electric Charge    Tloc/Air       14%        N/A       78%         3
 Hailstorm                Conj/Ice       3%         3d3       91%         3


Dungeon Overview and Level Annotations

Branches:
Dungeon (5/15) Zot: 1336
 Temple: D:4-7

Altars:
Nemelex Xobeh
Qazlal

Shops:
D:4 ?

Annotations:
D:3 1 transporter, lunkers's ghost, amateur MeWn


Innate Abilities, Weirdness & Mutations

You passively map a small area around you.
You are easily found by Zot.
You glow in the dark.
You regain HP and MP as you explore.


Message History

The gnoll is lightly wounded.
The gnoll misses you.
You barely miss the gnoll.
The gnoll is lightly wounded.
The gnoll hits you but does no damage.
You hit the gnoll but do no damage.
The gnoll is lightly wounded.
The gnoll hits you with a +0 club.
* * * LOW HITPOINT WARNING * * *
You hit the gnoll. You drain the gnoll.
The gnoll is almost dead.
The gnoll barely misses you.
You hit the gnoll.
You kill the gnoll!
Your Invocations skill increases to level 4!
You slash the gnoll!
The gnoll is heavily wounded.
The gnoll hits you with a +0 flail.
* * * LOW HITPOINT WARNING * * *
You barely miss the gnoll.
The gnoll is heavily wounded.
You hit the gnoll but do no damage. You drain the gnoll.
The gnoll is almost dead.
The gnoll barely misses you. The gnoll closely misses you.
You closely miss the gnoll.
The gnoll is almost dead.
The gnoll closely misses you. The gnoll hits you with a +0 flail.
* * * LOW HITPOINT WARNING * * *
You completely miss the gnoll.
The gnoll is almost dead.
The gnoll hits you but does no damage. x2
You barely miss the gnoll.
The gnoll is almost dead.
The gnoll hits you but does no damage. The gnoll hits you with a +0 flail.
* * * LOW HITPOINT WARNING * * *
You barely miss the gnoll.
The gnoll is almost dead.
The gnoll hits you from afar with a +0 halberd!
You die...
Your body disappears without additional glow.

, , * * , , * , * * * ,
#, * , , ,,.#.# ,
#.#########....# *
#......@gg)..#* .. #.
#####..#####.# ..###.#
#.## * #.# *
......########.####....
, ,
.....................,
,.....................
....#.######...######.#
..#.#..#####...# *
#.#.#.....##.#.#** * *


You could see 2 gnolls.

Vanquished Creatures
  Duvessa (D:5)
  A kobold brigand (D:3)
  Dowan (D:5)
  A jelly (D:4)
  5 hounds
  2 orc wizards (D:4)
  Robin (D:2)
  2 gnolls (D:5)
  4 adders
  An ufetubus (D:5)
  3 worms
  A dart slug (D:4)
  4 orcs
  4 ball pythons (D:1)
  5 bats
  3 endoplasms
  5 giant cockroaches
  12 goblins
  8 hobgoblins
  13 jackals
  4 kobolds
  2 quokkas
  7 frilled lizards
  3 rats
93 creatures vanquished.

Notes
Turn   | Place    | Note
-------+----------+-------------------------------------------
     0 | D:1      | lunkers the Meteoran Wanderer began the quest for the Orb.
     0 | D:1      | lunkers set off with the following items: a +0 club, a
                  | scroll of fear, a +0 scale mail; and the following spells
                  | available to memorise: Apportation, Lesser Beckoning, Magic
                  | Dart, Vhi's Electric Charge, Hailstorm.
     0 | D:1      | Reached XP level 1. HP: 16/16 MP: 6/6
    28 | D:1      | Reached skill level 1 in Maces & Flails
    44 | D:1      | Reached XP level 2. HP: 18/23 MP: 8/8
   112 | D:1      | Reached skill level 1 in Axes
   127 | D:1      | Reached XP level 3. HP: 27/28 MP: 9/9
   184 | D:1      | Reached skill level 2 in Axes
   400 | D:2      | Noticed Robin
   427 | D:2      | Reached XP level 4. HP: 8/35 MP: 11/11
   435 | D:2      | Reached skill level 3 in Axes
   443 | D:2      | Killed Robin
   648 | D:2      | You fall into a shaft and drop 1 floor!
   648 | D:3      | Found a sparkling altar of Nemelex Xobeh.
   665 | D:3      | Became a worshipper of Nemelex Xobeh the Trickster
   691 | D:3      | Reached skill level 4 in Axes
   712 | D:3      | Noticed a kobold brigand
   740 | D:3      | Killed a kobold brigand
   741 | D:3      | Reached skill level 5 in Axes
   741 | D:3      | Reached XP level 5. HP: 18/40 MP: 12/12
   762 | D:3      | Found a transporter.
   766 | D:3      | Noticed lunkers's ghost (amateur MeWn)
   807 | D:3      | Reached XP level 6. HP: 47/47 MP: 13/13
  1068 | D:4      | Reached skill level 6 in Axes
  1187 | D:4      | Found Fibetope's Magic Scroll Emporium.
  1212 | D:4      | Reached skill level 7 in Axes
  1212 | D:4      | Reached XP level 7. HP: 48/52 MP: 14/14
  1315 | D:4      | Reached skill level 1 in Invocations
  1517 | D:4      | Reached * piety under Nemelex Xobeh
  1548 | D:5      | Entered Level 5 of the Dungeon
  1570 | D:5      | Noticed Duvessa
  1593 | D:5      | Killed Duvessa
  1598 | D:5      | Noticed Dowan
  1601 | D:5      | Found a stormy altar of Qazlal.
  1615 | D:5      | Killed Dowan
  1616 | D:5      | Reached skill level 8 in Axes
  1616 | D:5      | Reached XP level 8. HP: 11/59 MP: 15/15
  1663 | D:5      | Mangled by a gnoll

Illustrated notes

Levels and vault maps discovered:
D:1:      dpeg_arrival_fog, layout_rooms
D:2:      layout_loops_ring, nicolae_hexahallways, uniq_jessica, uniq_robin
D:3:      layout_loops_ring, nemelex_dance_club_becter,
          gammafunk_ghost_mausoleum
D:4:      layout_basic, mainiacjoe_overflow_alcove_4, serial_shops,
          nicolae_shop_rolling_square, kennysheep_diamond
D:5:      layout_basic, mainiacjoe_overflow_surrounded_room,
          minmay_temple_entry_junction_2, uniq_duvessa

Skill      XL: |  1  2  3  4  5  6  7  8 |
---------------+-------------------------+-----
Maces & Flails | 1 2 |  2.3
Axes           | 1 2 5 7 8 |  8.1
Invocations    | 3 4 |  4.0
Fighting       | |  1.1
Armour         | |  2.4
Stealth        | |  1.0
Spellcasting   | |  4.0
Translocations | |  2.4
Evocations     | |  1.2

Action                     |  1- 3 |  4- 6 |  7- 9 || total
---------------------------+-------+-------+-------++-------
  Melee: Club              |    51 |       |       ||    51
         Punch             |     1 |     3 |     1 ||     5
         Hand axe          |    51 |   144 |    84 ||   279
  Evoke: Wand              |       |       |     1 ||     1
    Use: Scroll            |     2 |       |     2 ||     4
         Potion            |       |     2 |       ||     2
 Armour: Scale mail        |    73 |    73 |    42 ||   188
  Dodge: Dodged            |    42 |    48 |    45 ||   135

Table legend: (Time is in decaauts)
 A = Elapsed time spent in this place.
 B = Non-inter-level travel time spent in this place.
 C = Inter-level travel time spent in this place.
 D = Time resting spent in this place.
 E = Time spent auto-exploring this place.
 F = Levels seen in this place.
 G = Mean time per level.
                   A        B        C        D        E       F      G
               +--------+--------+--------+--------+--------+-----+--------+
         Total |   1662 |   1605 |     57 |      0 |   1006 |   5 |  332.4 |
       Dungeon |   1662 |   1605 |     57 |      0 |   1006 |   5 |  332.4 |
               +--------+--------+--------+--------+--------+-----+--------+

Top non-repeatable levels by time:
     D:4: 504 daAuts
     D:1: 417 daAuts
     D:3: 396 daAuts
     D:2: 235 daAuts
     D:5: 109 daAuts
